 Dungeon Crawl Stone Soup version 0.31.0-32-g396128a36d (webtiles) character file.

Game seed: 5282891476596378652

3131 ChadusMaximus the Protected (level 9, -1/82 HPs)
             Began as a Minotaur Fighter on Mar 9, 2024.
             Was a Follower of Okawaru.
             Slain by an orc warlord
             ... wielding a +6 broad axe
              (14 damage)
             ... in a bailey.
             The game lasted 00:06:22 (6487 turns).

ChadusMaximus the Protected (Minotaur Fighter)      Turns: 6487, Time: 00:06:23

Health: -1/82      AC: 12    Str: 31    XL:     9   Next: 61%
Magic:  7/8        EV:  9    Int:  5    God:    Okawaru [*.....]
Gold:   433        SH:  6    Dex: 10    Spells: 8/8 levels left

rFire   + . .        J - +3 hand axe
rCold   . . .        c - +0 buckler
rNeg    . . .        G - +0 chain mail
rPois   .            (helmet restricted)
rElec   .            (no cloak)
rCorr   .            (no gloves)
SInv    .            e - +0 pair of boots
Will    .....        (no amulet) Stlth
                     n - +6 ring of strength
HPRegen 0.33/turn    r - ring of protection from fire
MPRegen 0.11/turn

%: no passive effects
@: mighty
A: horns 2, retaliatory headbutt
a: Renounce Religion, Heroism


You were in a bailey.
You worshipped Okawaru.
Okawaru was aware of your devotion.
You visited 2 branches of the dungeon, and saw 8 of its levels.
You also visited: Ossuary and Bailey.

You collected 433 gold pieces.

Inventory:

Hand Weapons
 a - a +0 war axe
 D - a +1 hand axe of electrocution
 F - a +0 flail
 J - a +3 hand axe (weapon)
Armour
 b - a +0 scale mail
 c - a +0 buckler (worn)
 e - a +0 pair of boots (worn)
 G - a +0 chain mail (worn)
 I - the +0 robe of the Arcane {rPois rC- Int+3}
   (You found it on level 7 of the Dungeon)

   Int+3:     It affects your intelligence (+3).
   rC-:       It makes you vulnerable to cold.
   rPois:     It protects you from poison
Jewellery
 m - an amulet of faith
 n - a +6 ring of strength (left hand)
 r - a ring of protection from fire (right hand)
 B - a ring of poison resistance
Wands
 y - a wand of flame (21)
 A - a wand of charming (15)
 H - a wand of iceblast (5)
Scrolls
 h - a scroll of vulnerability
 k - 4 scrolls of noise
 l - 2 scrolls of poison
 o - 2 scrolls of silence
 t - 5 scrolls of fear
 v - 3 scrolls of fog
 w - 3 scrolls of enchant weapon {unknown}
 z - 2 scrolls of acquirement {unknown}
 C - a scroll of teleportation {unknown}
 E - a scroll of amnesia {unknown}
Potions
 d - 2 potions of might
 f - 4 potions of enlightenment {unknown}
 g - 2 potions of magic {unknown}
 i - 2 potions of lignification {unknown}
 j - a potion of berserk rage {unknown}
 p - 2 potions of resistance {unknown}
 q - 3 potions of heal wounds {unknown}
 s - 3 potions of curing {unknown}
 u - 7 potions of mutation
 x - 2 potions of haste {unknown}


   Skills:
 + Level 8.8 Fighting
 + Level 8.5 Axes
 + Level 9.0 Armour
 + Level 8.9 Shields


You had 8 spell levels left.
You didn't know any spells.
Your spell library contained the following spells:

 Spells                   Type           Power      Damage    Failure   Level
 Apportation              Tloc           0%         N/A       89%         1
 Necrotise                Necr           0%         1d4       89%         1
 Slow                     Hex            0%         N/A       89%         1
 Sting                    Conj/Alch      0%         1d3       89%         1
 Confusing Touch          Hex            0%         N/A       99%         3
 Dazzling Flash           Conj/Hex       0%         N/A       99%         3
 Mephitic Cloud           Conj/Alch/Air  0%         N/A       99%         3
 Sigil of Binding         Hex            0%         N/A       99%         3
 Vampiric Draining        Necr           0%         2d6       99%         3
 Vhi's Electric Charge    Tloc/Air       0%         N/A       100%        4
 Arcjolt                  Conj/Air       0%         1d10      100%        5
 Curse of Agony           Necr           0%         N/A       100%        5
 Silence                  Hex/Air        0%         N/A       100%        5
 Maxwell's Capacitive Co  Air            0%         ∞         100%        8
 Summon Small Mammal      Summ           Unusable   N/A       N/A         1

Dungeon Overview and Level Annotations

Branches:
Dungeon (7/15)             Temple (1/1) D:6         Ossuary (visited)
 Bailey (1/1)

Altars:
Ashenzari
Cheibriados
Dithmenos
Elyvilon
Fedhas
Kikubaaqudgha
Nemelex Xobeh
Okawaru
Qazlal
Ru
Sif Muna
Trog
Uskayaw
Xom
Yredelemnul
Zin


Innate Abilities, Weirdness & Mutations

You have a pair of horns on your head.
You reflexively headbutt those who attack you in melee.


Message History

You block the orc warrior's attack. You block the orc warlord's attack.
Unknown command.
Unknown command.
You slash the orc warrior!
You headbutt the orc warrior, but do no damage.
The orc warrior is almost dead.
You closely miss the orc warrior.
You hit the orc warlord but do no damage.
The orc warrior hits you with a +0 war axe!
* * * LOW HITPOINT WARNING * * *
It was a potion of mutation.
You feel extremely strange.
Your connection to magic feels subdued.
Your magic regains its normal vibrancy.
The orc warrior hits you with a +0 war axe!
* * * LOW HITPOINT WARNING * * *
The orc warlord barely misses you. You furiously retaliate!
You headbutt the orc warlord! The orc warrior completely misses you.
Unknown command.
You feel very mighty all of a sudden. The orc warrior barely misses you.
You furiously retaliate!
You headbutt the orc warrior.
Unknown command.
You slash the orc warrior!
You kill the orc warrior!
Okawaru accepts your kill.
Your base Armour skill increases to level 9!
Unknown command.
You slash the orc warlord! You headbutt the orc warlord!
The orc warlord is moderately wounded.
The orc warlord barely misses you. You furiously retaliate!
You headbutt the orc warlord!
Unknown command.
You hit the orc warlord but do no damage.
The orc warlord is heavily wounded.
You feel like a meek peon again.
Unknown command.
You hit the orc warlord but do no damage.
You headbutt the orc warlord!
The orc warlord is heavily wounded.
The orc warlord hits you with a +6 broad axe!
You die...

#.......... #..).......
###))....... #
###.#'#.....###.## #
###.....###.###..... ###
##.........###....... ##..
#..........8##....... #...
#..........8#o....... #...
#∩....⌠....@oo....... #...
#..........8#)....... #...
#..........8##....... #...
##.........###....... ###..
###...))###.###.....###.###
###.#'#.....###.###.....#
###.........###.......)
#...........#.......).
#...........#.........


You could see an orc warlord, an orc warrior (strong) and an orc (strong).

Vanquished Creatures
  Sigmund (D:2)
  7 orc warriors (Bailey)
  A water moccasin (D:6)
  2 black bears
  2 ice beasts
  An ogre (D:6)
  A centaur (D:5)
  A phantom (D:5)
  A weeping skull (Ossuary)
  A kobold brigand (D:6)
  Blork the orc (D:4)
  A bullfrog (D:6)
  2 scorpions
  A gnoll sergeant (D:6)
  A burial acolyte (Ossuary)
  4 wights (D:7)
  A howler monkey (D:4)
  A centaur zombie (Ossuary)
  6 orc priests
  2 hounds
  2 jellies
  2 sleepcaps
  An iguana (D:7)
  3 orc wizards
  3 mummies (Ossuary)
  9 adders
  9 gnolls
  A shadow imp (D:6)
  A dart slug (D:3)
  6 ribbon worms
  39 orcs
  11 endoplasms
  8 goblins
  15 hobgoblins
  7 jackals
  5 quokkas
  6 ball pythons
  7 bats
  2 frilled lizards
  A gnoll zombie (Ossuary)
  12 kobolds
  2 kobold zombies (Ossuary)
  4 orc zombies (Ossuary)
  9 rats
203 creatures vanquished.

Notes
Turn   | Place    | Note
-------+----------+-------------------------------------------
     0 | D:1      | ChadusMaximus the Minotaur Fighter began the quest for the
                  | Orb.
     0 | D:1      | Reached XP level 1. HP: 19/19 MP: 0/0
     6 | D:1      | Noticed a five-headed hydra
     6 | D:1      | Noticed a lindwurm
     7 | D:1      | Noticed a black bear
     7 | D:1      | Noticed a komodo dragon
   170 | D:1      | Reached XP level 2. HP: 21/27 MP: 1/1
   669 | D:2      | Noticed Sigmund
   683 | D:2      | Killed Sigmund
   684 | D:2      | Reached skill level 4 in Armour
   684 | D:2      | Reached XP level 3. HP: 16/34 MP: 2/2
   684 | D:2      | Reached XP level 4. HP: 19/41 MP: 3/3
   684 | D:2      | Reached XP level 5. HP: 22/47 MP: 4/4
  1293 | D:2      | Found a faded altar of an unknown god.
  1293 | D:2      | Noticed a chaos spawn
  1320 | D:2      | Reached skill level 5 in Armour
  1320 | D:2      | Reached skill level 5 in Shields
  1536 | D:3      | Found a bloodstained altar of Trog.
  1723 | D:3      | Found a shadowy altar of Dithmenos.
  1885 | D:3      | Reached skill level 5 in Fighting
  2294 | D:4      | Found a sand-covered staircase.
  2303 | Ossuary  | Entered an ossuary
  2350 | Ossuary  | Reached XP level 6. HP: 54/56 MP: 5/5
  2563 | D:4      | Reached skill level 5 in Axes
  2563 | D:4      | Reached XP level 7. HP: 49/62 MP: 6/6
  2656 | D:4      | Noticed Blork the orc
  2662 | D:4      | Killed Blork the orc
  2663 | D:4      | Reached skill level 6 in Armour
  3485 | D:4      | Found a hide-covered altar of Uskayaw.
  3666 | D:5      | Entered Level 5 of the Dungeon
  3988 | D:5      | Reached XP level 8. HP: 48/71 MP: 7/7
  4130 | D:5      | Found a stormy altar of Qazlal.
  4141 | D:5      | Reached skill level 7 in Armour
  4203 | D:5      | Found a shimmering altar of Xom.
  5111 | D:6      | Found a staircase to the Ecumenical Temple.
  5122 | Temple   | Entered the Ecumenical Temple
  5186 | Temple   | Became a worshipper of Warmaster Okawaru
  5621 | D:6      | Found a shimmering blue altar of Sif Muna.
  5755 | D:7      | Reached skill level 8 in Armour
  5755 | D:7      | Reached XP level 9. HP: 81/81 MP: 8/8
  5761 | D:7      | Identified the +0 robe of the Arcane {rPois rC- Int+3}
  5914 | D:7      | Reached * piety under Okawaru
  5925 | D:7      | Found a blossoming altar of Fedhas.
  5966 | D:7      | Found a flagged portal.
  5983 | Bailey   | Entered a bailey
  6470 | Bailey   | Noticed an orc warlord
  6481 | Bailey   | Gained mutation: Your spells are a little easier to cast,
                  | but a little less powerful. [potion of mutation]
  6481 | Bailey   | Lost mutation: Your spells are a little easier to cast, but
                  | a little less powerful. [potion of mutation]
  6485 | Bailey   | Reached skill level 9 in Armour
  6487 | Bailey   | Slain by an orc warlord

Illustrated notes

Levels and vault maps discovered:
D:1:      onia_arrival_zoo_common, layout_loops_ring
D:2:      layout_loops_ring, dreamdust_ecumenical_altar_sealed_demon,
          uniq_sigmund
D:3:      layout_loops_corners, mainiacjoe_overflow_six_doors_small,
          mainiacjoe_overflow_concentric_impassable
D:4:      layout_cave_pods, mainiacjoe_overflow_catwalk, enter_ossuary_1,
          gup_sewer_entry_spiral, uniq_blork_the_orc
D:5:      layout_gridville, kennysheep_little_box, mainiacjoe_overflow_alcove_4
D:6:      layout_loops_ring, nicolae_overflow_hidden_temple,
          minmay_temple_entry_statues_fountains, kennysheep_boxes
D:7:      layout_basic, lemuel_crystal_altar, lightli_bailey_entry_fortress,
          dk_noncrumbling_3
Temple:   hellmonk_temple_beads
Bailey:   bailey_axe_minmay_hex_keep, bailey

Skill      XL: |  1  2  3  4  5  6  7  8  9 |
---------------+----------------------------+-----
Fighting       | 4 5 6 7 8 |  8.8
Axes           | 3 4 5 6 7 8 |  8.5
Armour         | 4 5 6 8 9 |  9.0
Shields        | 4 5 6 7 8 |  8.9

Action                     |  1- 3 |  4- 6 |  7- 9 || total
---------------------------+-------+-------+-------++-------
  Melee: War axe           |    32 |   116 |   135 ||   283
         Headbutt          |     3 |    30 |    65 ||    98
         Hand axe          |       |       |   215 ||   215
 Invoke: Heroism           |       |       |     2 ||     2
    Use: Scroll            |       |       |     8 ||     8
         Potion            |       |       |     2 ||     2
 Armour: Scale mail        |    14 |    65 |   229 ||   308
         Chain mail        |       |       |    10 ||    10
  Dodge: Dodged            |    14 |    55 |   157 ||   226
  Block: Buckler           |     7 |    18 |    92 ||   117
